Description

Credit to spazy

Replay - RNG1

Build Order

Get SALT Encoding   

  12  0:00  Drone  
  13  0:12  Overlord  
  13  0:17  Drone  
  14  0:30  Drone x2  
  16  0:50  Hatchery  
  16  0:53  Drone  
  16  1:06  Spawning Pool  
  16  1:08  Extractor  
  14  1:11  Drone x2  
  16  1:18  Drone  
  16  1:23  Drone  
  18  1:33  Drone  
  19  1:44  Overlord  
  19  1:52  Queen  
  21  1:55  Zergling x2  
  22  2:03  Queen  
  24  2:10  Roach Warren  
  24  2:21  Overlord  
  25  2:49  Roach x5  
  39  3:07  Overlord  
  43  3:31  Overlord  
  43  3:35  Zergling x6  
  43  3:38  Ravager x2  
  48  3:41  Queen  
  48  3:43  Ravager  
  48  3:44  Zergling x2  
  59  4:35  Hatchery  
  47  4:38  Extractor x2  
  47  4:39  Roach x5  
  47  4:44  Evolution Chamber  
  52  4:50  Zergling x8  
  65  5:12  Zerg Missile Weapons Level 1  
  66  5:33  Lair  
  65  5:41  Extractor  
  70  5:53  Queen  
  70  6:18  Spore Crawler  
  76  6:30  Glial Reconstitution  
  82  6:35  Metabolic Boost  
  98  7:00  Zergling x2  
  107  7:06  Ravager x4  
  135  7:42  Ravager x3  
  99  8:20  Hydralisk Den  
  94  8:38  Extractor x2  
  89  8:51  Hatchery  
  89  8:52  Hydralisk x3  
  89  8:53  Grooved Spines  
  100  8:57  Hydralisk x2  
  102  9:06  Hydralisk x4  
  110  9:17  Hydralisk  
  156  10:46  Infestation Pit  
  156  10:48  Queen  
  157  10:50  Extractor x2  
  168  11:20  Hatchery  
Spawning Tool Build Advisor. Get it on Overwolf

Go to:

Details

  • Created by: Psylockex
  • Published on: Jul 26, 2018
  • Modified on: Jul 27, 2018
  • Patch: 4.0.0
Show
View Real Time Build Order
Export as new Build Order

Comments (0)

There are no comments. Be the first!

Create an account to comment!